 Dungeon Crawl Stone Soup version 0.18-a0-1197-g8004e50 (webtiles) character file.

991 krabocopter the Carver (level 8, -2/58 HPs)
             Began as a Formicid Fighter on Jan 30, 2016.
             Was an Elder of Ru.
             Splashed by a jelly's acid (5 damage)
             ... on level 5 of the Dungeon.
             The game lasted 00:19:53 (4174 turns).

krabocopter the Carver (Formicid Fighter)           Turns: 4174, Time: 00:19:53

Health: -2/58      AC: -10   Str: 26    XL:     8   Next: 41%
Magic:  17/17      EV: 13    Int: 13    God:    Ru [****..]
Gold:   433        SH: 11    Dex: 12    Spells: 0 memorised, 7 levels left

rFire  x . .     SeeInvis +     u - +1 short sword (protect)
rCold  x . .     Gourm    .     D - +2 scale mail of Cogeim {Str+5 Int+5}
rNeg   . . .     Faith    .     c - +0 shield
rPois  .         Spirit   .     (helmet unavailable)
rElec  .         Dismiss  .     o - -2 cloak (curse)
rCorr  .         Reflect  .     (no gloves)
SustAt .         Harm     .     (no boots)
MR     .....                    (no amulet)
Stlth  ..........               h - +4 ring of evasion
                                C - ring of magical power

@: corroded equipment, no scrolls, not resistant to hostile enchantments,
extremely unstealthy
A: permanent stasis, dig shafts and tunnels, four strong arms, antennae 3,
inability to read while threatened, temperature sensitive
a: Dig, Shaft Self, Draw Out Power, Power Leap, Renounce Religion


You were on level 5 of the Dungeon.
You worshipped Ru.
Ru was greatly pleased with you.
You were hungry.

You visited 1 branch of the dungeon, and saw 6 of its levels.

You collected 433 gold pieces.

Inventory:

Hand Weapons
 a - a +0 long sword
 u - a +1 short sword of protection (weapon)
 w - a +0 flail of holy wrath
Armour
 c - a +0 shield (worn)
 o - a cursed -2 cloak (worn)
 D - the +2 scale mail of Cogeim (worn) {Str+5 Int+5}
   (You found it on level 5 of the Dungeon)

   It affects your strength (+5).
   It affects your intelligence (+5).
Jewellery
 e - an uncursed ring of fire
 h - a +4 ring of evasion (right hand)
 m - a +1 ring of evasion
 p - an uncursed ring of wizardry
 C - a ring of magical power (left hand)
Wands
 s - a wand of flame (22/48)
 x - a wand of hasting (4/9)
Scrolls
 z - 9 scrolls of identify
Potions
 d - a potion of might
 g - 2 potions of heal wounds {unknown}
 i - a potion of cure mutation {unknown}
 j - a potion of brilliance {unknown}
 k - a potion of flight {unknown}
 n - a potion of magic {unknown}
 v - a potion of agility {unknown}
 A - a potion of curing
 E - a potion of beneficial mutation {unknown}
Comestibles
 f - 4 bread rations
 l - a royal jelly
 r - a slice of pizza
 t - a meat ration
 B - 6 fruits


   Skills:
 - Level 3.2 Fighting
 + Level 8.1 Long Blades
 - Level 3.2 Armour
 - Level 6.7 Shields


You had 7 spell levels left.
You didn't know any spells.

Dungeon Overview and Level Annotations

Branches:
Dungeon (6/15)             Temple (0/1) D:4

Altars:
Elyvilon
Kikubaaqudgha
Makhleb
Okawaru
Qazlal
Ru
Sif Muna
Trog
Yredelemnul
Zin


Innate Abilities, Weirdness & Mutations

You are under a permanent stasis effect.
You can dig through walls and to a lower floor.
Your four strong arms can wield two-handed weapons with a shield.
You have a pair of large antennae on your head (SInv).
You cannot read scrolls while threatened.
You are sensitive to extremes of temperature (rF-, rC-).


Message History

The jelly is severely wounded.
You feel sick. You block the jelly's attack.
Drink which item? (? for menu, Esc to quit)
It was a potion of curing.
You feel better.
You redirect the jelly's attack!
The jelly hits itself.
You block the worker ant's attack.
You hit the jelly but do no damage.
Your hands burn!
* * * LOW HITPOINT WARNING * * *
The jelly is almost dead.
The jelly hits you.
* * * LOW HITPOINT WARNING * * *
You are splashed with acid!
The acid burns!
* * * LOW HITPOINT WARNING * * *
The worker ant misses you.
You hit the jelly but do no damage. The acid corrodes you!
Your hands burn!
* * * LOW HITPOINT WARNING * * *
The jelly is almost dead.
The jelly barely misses you.
You hit the jelly but do no damage.
Your hands burn!
You die...

#.##.##..###..(# #
#........##..### #
##..#.##.###.## #
#.....##.###.# #
#)##.###.##..# #
##.##..##)#..## #
##...#...#.#.## #
##...Ja....(..# ###
##.....@....(### ###..
##....[.....<.# #....
#.....).>.....## ##.##.
### ##.##...........#
##..##.
####_###..###...#...#..##
#..###.
...#'#...#....#######...#
#.###.. .......##..####
#.#.###.#...#
<......#..##
#.#.#...#.### ########.##
#.#.#.##..#♣♣


You could see a jelly and a worker ant.

Vanquished Creatures
  An ogre (D:5)
  A centaur (D:5)
  3 big kobolds (D:4)
  A crimson imp (D:3)
  6 orc wizards
  Natasha (twice) (D:2)
  3 worker ants
  2 hound skeletons (D:4)
  5 gnolls
  6 adders
  A shadow imp (D:5)
  3 oozes
  An adder skeleton (D:4)
  3 worms
  3 giant geckos
  9 orcs
  9 giant cockroaches
  8 goblins
  4 hobgoblins
  2 jackals (D:4)
  60 kobolds
  3 ball pythons (D:3)
  6 bats
  6 giant newts
  6 rats
154 creatures vanquished.

Vanquished Creatures (others)
  An adder (D:6)
  An orc (D:4)
  3 kobolds (D:4)
5 creatures vanquished.

Grand Total: 159 creatures vanquished

Notes
Turn   | Place    | Note
--------------------------------------------------------------
     0 | D:1      | krabocopter the Formicid Fighter began the quest for the Orb.
     0 | D:1      | Reached XP level 1. HP: 18/18 MP: 1/1
   114 | D:1      | Reached XP level 2. HP: 21/24 MP: 2/2
   177 | D:1      | Reached skill level 4 in Shields
   632 | D:2      | Noticed Natasha
   678 | D:2      | Reached XP level 3. HP: 27/29 MP: 3/3
   691 | D:2      | Found a sacrificial altar of Ru.
   699 | D:2      | Became a worshipper of Ru the Awakened
   723 | D:2      | Killed Natasha
   723 | D:2      | Reached XP level 4. HP: 28/35 MP: 4/4
  1001 | D:2      | Found a glowing silver altar of Zin.
  1009 | D:2      | Reached skill level 5 in Shields
  1173 | D:2      | Noticed Natasha
  1184 | D:2      | Killed Natasha
  1184 | D:2      | Reached XP level 5. HP: 25/41 MP: 5/5
  1354 | D:3      | Found a faded altar to an unknown god.
  1559 | D:3      | Gained mutation: You cannot read scrolls while threatened. [Ru sacrifice]
  1559 | D:3      | Reached * piety under Ru
  1747 | D:3      | Reached XP level 6. HP: 37/47 MP: 6/6
  1761 | D:3      | Found an iron altar of Okawaru.
  2024 | D:3      | Found a stormy altar of Qazlal.
  2026 | D:3      | Found a bloodstained altar of Trog.
  2099 | D:4      | Found a deep blue altar of Sif Muna.
  2099 | D:4      | Found a burning altar of Makhleb.
  2176 | D:4      | Found a staircase to the Ecumenical Temple.
  2304 | D:4      | Reached skill level 6 in Shields
  2355 | D:4      | Reached skill level 5 in Long Blades
  2448 | D:4      | Reached XP level 7. HP: 52/52 MP: 7/7
  3073 | D:4      | Gained mutation: You are sensitive to extremes of temperature (rF-, rC-). [Ru sacrifice]
  3073 | D:4      | Reached ** piety under Ru
  3073 | D:4      | Reached *** piety under Ru
  3073 | D:4      | Reached **** piety under Ru
  3524 | D:5      | Entered Level 5 of the Dungeon
  3535 | D:5      | Reached skill level 7 in Long Blades
  3535 | D:5      | Reached XP level 8. HP: 39/58 MP: 8/8
  3658 | D:5      | Found a basalt altar of Yredelemnul.
  3731 | D:5      | Found a white marble altar of Elyvilon.
  3925 | D:5      | Got a spiked scale mail
  3936 | D:5      | Identified the +2 scale mail of Cogeim {Str+5 Int+5} (You found it on level 5 of the Dungeon)
  4013 | D:5      | Reached skill level 8 in Long Blades
  4041 | D:5      | Found an ancient bone altar of Kikubaaqudgha.
  4174 | D:5      | Splashed by a jelly's acid

Vault maps used:
D:1:      ncdulo_wetmaze
D:2:      nicolae_overflow_hidden_temple, nicolae_ru_sacrificial_ziggurat,
          uniq_natasha
D:3:      gammafunk_temple_overflow_statue, okawaru_trees_1, ecumenical_altar_2
D:4:      minmay_goblin_kobold_castle, gammafunk_temple_overflow_pools,
          minmay_temple_entry_from_below_a, first_bread
D:5:      kennysheep_ying_yang, kennysheep_mini, minmay_door_square
D:6:      kennysheep_little_box, basic_altar

Action                   |  1- 3 |  4- 6 |  7- 9 || total
-------------------------+-------+-------+-------++-------
Melee: Long sword        |    81 |   241 |   253 ||   575
       Flail             |       |    14 |       ||    14
       Short sword       |       |       |    83 ||    83
Invok: Sacrifice Words   |       |     1 |       ||     1
       Sacrifice Resista |       |       |     1 ||     1
  Use: Scroll            |       |     1 |     2 ||     3
       Potion            |       |       |     1 ||     1
 Stab: Invisible         |       |       |     1 ||     1
  Eat: Chunk             |       |     6 |     4 ||    10
       Beef jerky        |       |       |     1 ||     1
